 Dungeon Crawl Stone Soup version 0.26.1-11-gd32895ea62 (webtiles) character file.

Game seed: 3477087357876267693

2673 Almogavar the Bolt Thrower (level 9, -3/52 HPs)
             Began as a Kobold Arcane Marksman on May 19, 2021.
             Was a Follower of Yredelemnul.
             Slain by Maggie
             ... wielding the +9 lance "Wyrmbane" {slay drac, rPois rF+ rC+ AC+3}
              (16 damage)
             ... on level 6 of the Dungeon.
             The game lasted 00:40:32 (9146 turns).

Almogavar the Bolt Thrower (Kobold Arcane Marksman) Turns: 9146, Time: 00:40:33

Health: -3/52      AC:  8    Str:  8    XL:     9   Next: 95%
Magic:  0/12       EV: 17    Int: 14    God:    Yredelemnul [*.....]
Gold:   299        SH:  0    Dex: 18    Spells: 10/13 levels left

rFire    . . .     SeeInvis +   a - +1 dagger (venom)
rCold    . . .     Faith    .   (shield restricted)
rNeg     . . .     Spirit   +   v - +0 leather armour {rPois}
rPois    +         Reflect  .   G - +0 helmet (curse)
rElec    .         Harm     .   A - +1 cloak {rCorr}
rCorr    +         Rampage  .   (no gloves)
Will     .....                  i - +0 pair of boots
Stlth    ++++......             o - amulet of guardian spirit
HPRegen  0.17/turn              f - ring of see invisible
MPRegen  0.13/turn              (no ring)

@: mesmerised
A: small, nightstalker 3
a: Renounce Religion, Animate Remains


You were on level 6 of the Dungeon.
You worshipped Yredelemnul.
Yredelemnul was aware of your devotion.
You visited 2 branches of the dungeon, and saw 7 of its levels.

You collected 299 gold pieces.

Inventory:

Hand Weapons
 a - a +1 dagger of venom (weapon)
 w - a +0 hand crossbow
 F - a +2 dagger of draining
Missiles
 b - 4 boomerangs
 d - 26 bolts
 j - 83 arrows
 n - 252 stones
 r - 4 atropa-tipped darts
 s - 16 poisoned darts (quivered)
 B - 3 boomerangs of dispersal
Armour
 c - a +0 chain mail
 g - a +0 ring mail
 i - a +0 pair of boots (worn)
 m - a +0 scale mail
 v - a +0 leather armour of poison resistance (worn)
 A - a +1 cloak of preservation (worn)
 E - a +0 buckler
 G - a cursed +0 helmet (worn)
Jewellery
 f - a ring of see invisible (left hand)
 o - an amulet of guardian spirit (around neck)
 K - an uncursed ring of resist corrosion
Wands
 k - a wand of flame (20)
 t - a wand of enslavement (6)
 x - a wand of acid (6)
 I - a wand of digging (8)
Scrolls
 p - a scroll of amnesia
 q - 2 scrolls of blinking
 u - 2 scrolls of teleportation
 C - 3 scrolls of remove curse
 H - a scroll of enchant weapon
 J - a scroll of fog {unknown}
 M - a scroll of noise {unknown}
Potions
 z - a potion of lignification
 D - a potion of berserk rage
 L - a potion of mutation {unknown}


   Skills:
 + Level 4.4 Fighting
 + Level 6.9 Short Blades
 + Level 7.5 Crossbows
 + Level 4.0 Throwing
 + Level 4.0 Armour
 + Level 5.2 Dodging
 + Level 4.0 Stealth
 + Level 2.6 Spellcasting
 + Level 4.2 Hexes


You had 10 spell levels left.
You knew the following spells:

 Your Spells              Type           Power        Failure   Level
a - Corona                Hex            14%          5%          1
b - Slow                  Hex            13%          9%          2

Your spell library contained the following spells:

 Spells                   Type           Power        Failure   Level
 Inner Flame              Hex/Fire       7%           36%         3
 Portal Projectile        Hex/Tloc       14%          36%         3
 Cause Fear               Hex            6%           50%         4
 Leda's Liquefaction      Hex/Erth       3%           78%         4


Dungeon Overview and Level Annotations

Branches:
Dungeon (6/15)             Temple (1/1) D:5

Altars:
Ashenzari
Dithmenos
Elyvilon
Gozag
Hepliaklqana
Kikubaaqudgha
Makhleb
Sif Muna
Uskayaw
Wu Jian
Xom
Yredelemnul
Zin
The Shining One

Shops:
D:5 [

Annotations:
D:4 2 transporters, Almogavar's ghost, novice HuIE
D:6 Maggie


Innate Abilities, Weirdness & Mutations

You are small and have problems with some larger weapons.
You are completely attuned to the shadows.


Message History

Maggie hits you from afar with the +9 lance "Wyrmbane" {slay drac, rPois rF+ rC+ AC+3}!
* * * LOW HITPOINT WARNING * * *
The iguana bites you.
* * * LOW HITPOINT WARNING * * *
You feel much better.
You kill the iguana!
Yredelemnul accepts your kill. Maggie barely misses you.
Maggie barely misses you. x2
You see here an iguana corpse.
You hit Maggie but do no damage.
Maggie gestures wildly while chanting.
Maggie draws you further into her thrall.
You hit Maggie but do no damage.
Maggie is poisoned.
Maggie hits you with the +9 lance "Wyrmbane" {slay drac, rPois rF+ rC+ AC+3}!
* * * LOW HITPOINT WARNING * * *
You hit Maggie but do no damage.
Maggie looks even sicker.
Maggie hits you with the +9 lance "Wyrmbane" {slay drac, rPois rF+ rC+ AC+3}!!
You die...
Your body rises from the dead as a mindless zombie.

....# #####....o..
.≈≈####.....#.....(.##
.≈(.?.P....#....(....
.≈≈####...###...>(.[##
....# #.### .........#
.[..# #.# #......(###
.[.## #o# ..........
##.# #.# .#@#.#.#.#
##.####.# ##@#### #
..[.....# #.#
##.###### #.# #.# #.#
#[####### #.#
##.......# ##.###.
.<.#####.######......
.....# #.......######
.....###########r..


You could see Maggie (mesmerising, fast, very poisoned).

Vanquished Creatures
  Pikel (D:5)
  Eustachio (D:5)
  Sigmund (D:5)
  Edmund (D:5)
  An orc warrior (D:6)
  2 ice beasts (D:6)
  An ogre (D:6)
  A centaur (D:6)
  2 bullfrogs
  3 scorpions
  2 howler monkeys
  A centaur zombie (D:6)
  2 orc priests (D:6)
  A hound (D:6)
  A centaur skeleton (D:6)
  A jelly (D:5)
  2 bullfrog skeletons
  Ijyb (D:3)
  3 iguanas
  8 orc wizards
  5 worker ants
  Terence (D:3)
  A hound skeleton (D:4)
  3 gnolls (D:6)
  Robin (D:4)
  A howler monkey skeleton (D:6)
  10 adders
  A shadow imp (D:6)
  An ufetubus (D:6)
  2 adder skeletons
  2 adder zombies (D:6)
  4 worms (D:2)
  3 dart slugs
  3 leopard geckos
  24 orcs
  6 bats
  2 giant cockroaches
  15 goblins
  9 hobgoblins
  3 jackals (D:4)
  11 kobolds
  4 quokkas
  2 ball pythons
  7 frilled lizards
  10 rats
167 creatures vanquished.

Vanquished Creatures (others)
  4 plants (D:4)
4 creatures vanquished.

Grand Total: 171 creatures vanquished

Notes
Turn   | Place    | Note
-------+----------+-------------------------------------------
     0 | D:1      | Almogavar the Kobold Arcane Marksman began the quest for
                  | the Orb.
     0 | D:1      | Reached XP level 1. HP: 12/12 MP: 2/2
   125 | D:1      | Reached XP level 2. HP: 16/16 MP: 3/3
   690 | D:1      | Reached XP level 3. HP: 19/20 MP: 4/4
  1408 | D:2      | Reached skill level 3 in Crossbows
  1472 | D:2      | Reached XP level 4. HP: 25/25 MP: 5/5
  2007 | D:2      | Reached skill level 4 in Crossbows
  2252 | D:2      | Reached XP level 5. HP: 29/29 MP: 6/6
  2312 | D:2      | Reached skill level 1 in Short Blades
  3116 | D:3      | Noticed Terence
  3123 | D:3      | Killed Terence
  3124 | D:3      | Reached skill level 1 in Stealth
  3159 | D:3      | Noticed Ijyb
  3175 | D:3      | Killed Ijyb
  3176 | D:3      | Reached skill level 1 in Armour
  3176 | D:3      | Reached XP level 6. HP: 21/35 MP: 4/7
  3351 | D:3      | Reached skill level 5 in Crossbows
  3858 | D:4      | Found a transporter.
  3860 | D:4      | Noticed Almogavar's ghost (novice HuIE)
  4282 | D:4      | Reached XP level 7. HP: 34/40 MP: 5/8
  4382 | D:4      | Found an ornate altar of the Wu Jian Council.
  4475 | D:4      | Found a transporter.
  4512 | D:4      | Noticed Robin
  4519 | D:4      | Killed Robin
  5090 | D:4      | Found a shadowy altar of Dithmenos.
  5107 | D:4      | Found an opulent altar of Gozag.
  5110 | D:4      | Found a broken altar of Ashenzari.
  5212 | D:5      | Entered Level 5 of the Dungeon
  5266 | D:5      | Reached skill level 1 in Throwing
  5316 | D:5      | Found Anyblosu's Armour Emporium.
  5508 | D:5      | Noticed Edmund
  5541 | D:5      | Killed Edmund
  5740 | D:5      | Reached skill level 6 in Crossbows
  5838 | D:5      | Reached XP level 8. HP: 42/45 MP: 7/9
  5982 | D:5      | Found a staircase to the Ecumenical Temple.
  5988 | Temple   | Entered the Ecumenical Temple
  6080 | Temple   | Became a worshipper of Yredelemnul the Dark
  6170 | D:5      | Noticed Pikel
  6188 | D:5      | Killed Pikel
  6189 | D:5      | Reached skill level 5 in Short Blades
  6282 | D:5      | Noticed Sigmund
  6289 | D:5      | Killed Sigmund
  6424 | D:5      | Noticed Eustachio
  6444 | D:5      | Killed Eustachio
  6445 | D:5      | Reached XP level 9. HP: 51/51 MP: 10/10
  6591 | D:5      | Learned a level 2 spell: Slow
  6758 | D:6      | Reached skill level 7 in Crossbows
  7628 | D:6      | Reached * piety under Yredelemnul
  8356 | D:6      | Reached skill level 5 in Dodging
  9125 | D:6      | Noticed Maggie
  9146 | D:6      | Slain by Maggie

Illustrated notes

Levels and vault maps discovered:
D:1:      psy_arrival_conway, layout_basic
D:2:      layout_loops_cross, minmay_small_reverse_x
D:3:      layout_rooms, st_stairs_3, chequers_jeans, uniq_terence, uniq_ijyb
D:4:      layout_cave_pools, kennysheep_mini,
          gammafunk_temple_overflow_forgotten, gammafunk_ghost_stat_death,
          minmay_misc_feat_diagonals, uniq_robin
D:5:      layout_rooms, lemuel_temple_firewalk_b, serial_shops,
          nicolae_shop_trees, serial_park_tiny_pond, uniq_pikel, uniq_edmund,
          uniq_eustachio, uniq_sigmund
D:6:      kennysheep_windowed_halls, layout_loops_ring, serial_shops, shop,
          st_stairs_4, kb_lookout_dungeons_type, uniq_maggie
Temple:   nicolae_temple_elliptical

Skill      XL: |  1  2  3  4  5  6  7  8  9 |
---------------+----------------------------+-----
Crossbows      | 3 4 5 6 7 |  7.5
Short Blades   | 2 3 5 6 |  6.9
Dodging        | 3 4 5 |  5.2
Stealth        | 1 2 3 4 |  4.0
Armour         | 1 2 3 4 |  4.0
Fighting       | 2 3 4 |  4.4
Throwing       | 1 3 4 |  4.0
Spellcasting   | 2 |  2.6
Hexes          | 4 |  4.2

Action                   |  1- 3 |  4- 6 |  7- 9 || total
-------------------------+-------+-------+-------++-------
Melee: Dagger            |    35 |   164 |   382 ||   581
 Fire: Hand crossbow     |    65 |    59 |    74 ||   198
Throw: Dart              |       |    13 |    47 ||    60
 Cast: Corona            |     1 |       |     4 ||     5
       Slow              |       |       |    10 ||    10
  Use: Scroll            |     3 |     4 |     4 ||    11
       Potion            |       |       |     1 ||     1
 Stab: Distracted        |       |       |     1 ||     1
Armor: Robe              |     9 |    25 |    30 ||    64
       Leather armour    |       |       |    24 ||    24
Dodge: Dodged            |    47 |   111 |   244 ||   402
